 Dungeon Crawl Stone Soup version 0.23.0-3-gf3c87f2 (webtiles) character file.

Game seed: 17106187449879889448

21589 HEYYEYAAE the Quickloader (level 12, -13/90 HPs)
             Began as an Octopode Hunter on Feb 24, 2019.
             Was a High Priest of Okawaru.
             Mangled by a green ugly thing (16 damage)
             ... on level 12 of the Dungeon.
             The game lasted 00:18:57 (13655 turns).

HEYYEYAAE the Quickloader (Octopode Hunter)        Turns: 13655, Time: 00:18:58

Health: -13/90     AC:  4    Str: 12    XL:     12   Next: 91%
Magic:  12/12      EV: 22    Int: 11    God:    Okawaru [*****.]
Gold:   759        SH:  0    Dex: 19    Spells: 11/11 levels left

rFire    + . .     SeeInvis .   v - +2 triple crossbow (flame)
rCold    + . .     Gourm    .   (shield currently unavailable)
rNeg     . . .     Faith    .   H - +1 hat
rPois    +         Spirit   .   p - amulet of magic regeneration
rElec    +         Reflect  .   y - ring of stealth
rCorr    +         Harm     .   m - ring of wizardry
MR       .....                  j - +2 ring of dexterity
Stlth    +++++++...             (no ring)
HPRegen  0.25/turn              (no ring)
MPRegen  0.38/turn              (no ring)
                                (no ring)
                                (no ring)

@: resistant
A: almost no armour, stealthy swim, amphibious, 8 rings, constrict 8, tentacle
spike 1, molten scales 1, camouflage 1, dopey 1, gelatinous body 1
a: Heroism, Finesse, Renounce Religion


You were on level 12 of the Dungeon.
You worshipped Okawaru.
Okawaru was extremely pleased with you.
You were not hungry.

You visited 2 branches of the dungeon, and saw 13 of its levels.

You collected 759 gold pieces.

Inventory:

Hand Weapons
 a - a +3 hand crossbow of freezing
 b - a +2 dagger of electrocution
 v - a +2 triple crossbow of flaming (weapon)
 w - the +7 mace of Fimbulwinter {crush, rElec SInv}
   (You took it off an orc priest on level 6 of the Dungeon)

   It inflicts extra damage upon your enemies.
   It insulates you from electricity.
   It lets you see invisible.
Missiles
 c - 109 bolts (quivered)
Armour
 H - a +1 hat (worn)
Jewellery
 j - a +2 ring of dexterity (on tentacle)
 k - an uncursed ring of fire
 m - a ring of wizardry (right tentacle)
 p - an amulet of magic regeneration (around mantle)
 y - a ring of stealth (left tentacle)
Wands
 l - a wand of flame (20)
 x - a wand of disintegration (18)
 J - a wand of polymorph (10)
Scrolls
 f - 2 scrolls of immolation
 i - 2 scrolls of enchant armour
 q - 3 scrolls of fog
 r - 7 scrolls of remove curse
 z - a scroll of magic mapping
Potions
 g - a potion of cancellation
 n - a potion of brilliance
 s - a potion of flight
 D - a potion of ambrosia {unknown}
 G - 2 potions of berserk rage {unknown}
Miscellaneous
 C - a fan of gales (inert)
Comestibles
 d - 24 rations


   Skills:
 + Level 11.5 Fighting
 * Level 12.7 Crossbows
 - Level 10.7 Dodging
 - Level 10.8 Stealth


You had 11 spell levels left.
You didn't know any spells.
Your spell library contained the following spells:

 Spells                   Type           Power        Failure   Level  Hunger
 Apportation              Tloc           #.....       14%         1    ##.....
 Sandblast                Erth           #.....       14%         1    ##.....
 Summon Butterflies       Summ           #.......     14%         1    ##.....
 Passwall                 Tmut/Erth      #.......     21%         2    ###....
 Lesser Beckoning         Tloc           #.........   38%         3    ####...
 Stone Arrow              Conj/Erth      #.....       38%         3    ####...
 Tukima's Dance           Hex            #.......     38%         3    ####...
 Petrify                  Tmut/Erth      #.......     77%         4    #####..
 Alistair's Intoxication  Tmut/Pois      #.......     98%         5    ######.
 Lee's Rapid Deconstruct  Erth           #.........   98%         5    ######.
 Invisibility             Hex            #.......     100%        6    #######


Dungeon Overview and Level Annotations

Branches:
Dungeon (12/15)            Temple (1/1) D:4            Lair (0/6) D:8
    Orc: D:9-12

Altars:
Ashenzari
Cheibriados
Dithmenos
Elyvilon
Fedhas
Gozag
Hepliaklqana
Kikubaaqudgha
Makhleb
Nemelex Xobeh
Okawaru
Qazlal
Ru
Sif Muna
Trog
Uskayaw
Vehumet
Wu Jian
Xom
Yredelemnul
Zin
The Shining One

Annotations:
D:2 1 runed translucent door, Crazy Yiuf
D:11 1 runed translucent door
D:12 1 runed translucent door, buskinjo's ghost, journeyman OgFE


Innate Abilities, Weirdness & Mutations

You cannot wear most types of armour.
You are very stealthy in the water. (Stealth+)
You are amphibious.
You can wear up to eight rings at the same time.
You can use your tentacles to constrict eight enemies at once.
Your skin changes colour to match your surroundings (Stealth+).
Your rubbery body absorbs attacks. (AC +1, EV +1)
One of your tentacles bears a spike.
You are partially covered in molten scales. (AC +2)
You are dopey. (Int -2)


Message History

It was a potion of cancellation.
Your magical effects are unravelling.
You feel magically purged.
You feel a little less clever now. The phantom completely misses you.
It was a potion of resistance.
You feel protected. The phantom hits you.
* * * LOW HITPOINT WARNING * * *
It was a potion of mutation.
You feel extremely strange.
You feel stupid.
Molten scales grow over part of your body.
One of your lower tentacles grows a sharp spike.
The phantom misses you.
It was a potion of magic.
Magic courses through your body. The phantom barely misses you.
The phantom hits you.
* * * LOW HITPOINT WARNING * * *
The green ugly thing stings you!
You die...

##. #########.# .+.
#.........# ##.
#.).......# #..
...........# ...
...........# ..u
...........# .(.
............# #...
.........@..#
#.o...#'###....Wu.#
#.....#...#.......#
#.....#...#.......#
#.....#...#.....###
#.....#'###.....#
#...(.)..((.....#
#.......(########
#........#


You could see a green ugly thing and a phantom.

Vanquished Creatures
  Erica (D:10)
  6 two-headed ogres
  Urug (D:10)
  The ghost of Uhlv the Cruncher, a novice FoFi (D:6)
  An unseen horror (D:10)
  Pikel (D:6)
  2 ugly things
  3 manticores
  A gargoyle (D:10)
  A merfolk (D:8)
  2 trolls
  Grinder (D:3)
  A hippogriff (D:10)
  Sigmund (D:2)
  A wyvern (D:8)
  2 shadows
  A wraith (D:11)
  3 hogs (D:8)
  21 yaks
  Eustachio (D:4)
  A steam dragon (D:11)
  A hungry ghost (D:11)
  Edmund (D:6)
  A soldier ant (shapeshifter) (D:11)
  Duvessa (D:4)
  2 sky beasts (D:11)
  A water moccasin (D:12)
  A slave (D:6)
  3 orc warriors
  2 necrophages
  12 black bears
  3 phantoms
  6 ogres
  5 centaurs
  4 big kobolds
  A wyvern zombie (D:6)
  7 bullfrogs
  Dowan (D:4)
  3 gnoll sergeants (D:8)
  2 water moccasin zombies
  A wyvern skeleton (D:11)
  6 killer bees
  2 scorpions
  5 wights (D:10)
  5 electric eels (D:8)
  6 howler monkeys
  5 jellies
  3 centaur zombies
  7 hounds
  9 orc wizards
  3 orc priests
  A bullfrog skeleton (D:5)
  2 iguanas
  Jessica (D:3)
  10 worker ants
  Terence (D:2)
  2 hound zombies
  3 hound skeletons
  A worker ant zombie (D:7)
  6 adders
  A gnoll (D:8)
  A shadow imp (D:12)
  5 oozes (D:10)
  An adder skeleton (D:5)
  2 worms (D:2)
  2 dart slugs (D:1)
  A leopard gecko (D:2)
  17 orcs
  3 ball pythons
  2 giant cockroaches
  11 goblins
  7 hobgoblins
  3 jackals (D:8)
  16 kobolds
  6 quokkas
  8 bats
  4 frilled lizards
  A jackal skeleton (D:7)
  7 rats
287 creatures vanquished.

Vanquished Creatures (others)
  2 slaves (D:6)
  Menkaure (D:6)
  2 ice beasts (D:6)
  A black bear (D:6)
  A centaur (D:6)
  2 hounds (D:6)
  An orc wizard (D:6)
  An adder zombie (D:6)
  An orc (D:6)
  13 plants (D:8)
25 creatures vanquished.

Grand Total: 312 creatures vanquished

Notes
Turn   | Place    | Note
-------+----------+-------------------------------------------
     0 | D:1      | HEYYEYAAE the Octopode Hunter began the quest for the Orb.
     0 | D:1      | Reached XP level 1. HP: 14/14 MP: 1/1
    32 | D:1      | Reached XP level 2. HP: 19/19 MP: 2/2
   259 | D:1      | Reached XP level 3. HP: 25/25 MP: 3/3
   491 | D:1      | Found a snail-covered altar of Cheibriados.
   627 | D:2      | Noticed Sigmund
   634 | D:2      | Killed Sigmund
   634 | D:2      | Reached XP level 4. HP: 25/31 MP: 4/4
   634 | D:2      | Reached XP level 5. HP: 29/36 MP: 5/5
   675 | D:2      | Noticed Terence
   686 | D:2      | Killed Terence
   686 | D:2      | Reached skill level 5 in Crossbows
   686 | D:2      | Reached XP level 6. HP: 14/42 MP: 6/6
   895 | D:2      | Found a runed translucent door.
   896 | D:2      | Noticed Crazy Yiuf
  1171 | D:2      | Found a hide-covered altar of Uskayaw.
  1730 | D:3      | Noticed Jessica
  1739 | D:3      | Killed Jessica
  1891 | D:3      | Noticed Grinder
  1900 | D:3      | Paralysed by Grinder for 7 turns
  1907 | D:3      | Killed Grinder
  1907 | D:3      | Reached XP level 7. HP: 26/48 MP: 7/7
  2401 | D:4      | Noticed Duvessa
  2401 | D:4      | Noticed Dowan
  2650 | D:4      | Found a staircase to the Ecumenical Temple.
  2800 | Temple   | Entered the Ecumenical Temple
  2924 | D:4      | Killed Duvessa
  2935 | D:4      | Killed Dowan
  3058 | D:4      | Noticed Eustachio
  3069 | D:4      | Killed Eustachio
  3069 | D:4      | Reached skill level 5 in Fighting
  3069 | D:4      | Reached skill level 6 in Crossbows
  3069 | D:4      | Reached skill level 5 in Dodging
  3069 | D:4      | Reached skill level 5 in Stealth
  3069 | D:4      | Reached XP level 8. HP: 47/55 MP: 8/8
  3148 | D:4      | Found a radiant altar of Vehumet.
  3590 | D:5      | Entered Level 5 of the Dungeon
  4657 | D:6      | Reached skill level 7 in Crossbows
  4699 | D:6      | Noticed Menkaure
  4699 | D:6      | Noticed Pikel
  4721 | D:6      | Killed Pikel
  4721 | D:6      | Reached XP level 9. HP: 58/63 MP: 9/9
  4728 | D:6      | Killed Menkaure
  5306 | D:6      | Identified the +7 mace of Fimbulwinter {crush, rElec SInv}
  5563 | D:6      | Found an iron altar of Okawaru.
  5569 | D:6      | Became a worshipper of Warmaster Okawaru
  5594 | D:6      | Found a runed translucent gate.
  5595 | D:6      | Found a runed translucent gate.
  5596 | D:6      | Found a runed translucent gate.
  5598 | D:6      | Noticed Uhlv's ghost (novice FoFi)
  5627 | D:6      | Killed Uhlv's ghost
  5627 | D:6      | Reached * piety under Okawaru
  5627 | D:6      | Reached skill level 8 in Crossbows
  5951 | D:6      | Noticed Edmund
  5960 | D:6      | Killed Edmund
  6213 | D:7      | Reached XP level 10. HP: 43/71 MP: 10/10
  6535 | D:7      | Noticed a manticore
  6545 | D:7      | Killed a manticore
  6545 | D:7      | Reached ** piety under Okawaru
  7157 | D:7      | Found an opulent altar of Gozag.
  7180 | D:7      | Found a shattered altar of Ashenzari.
  7360 | D:7      | Found an ancient bone altar of Kikubaaqudgha.
  7361 | D:7      | Found a stormy altar of Qazlal.
  7361 | D:7      | Found an ornate altar of the Wu Jian Council.
  7362 | D:7      | Found a sacrificial altar of Ru.
  7723 | D:8      | Reached skill level 9 in Crossbows
  7758 | D:8      | Found a staircase to the Lair.
  7954 | D:8      | Noticed a two-headed ogre
  8053 | D:8      | Killed a two-headed ogre
  8256 | D:8      | Reached *** piety under Okawaru
  8258 | D:8      | Found a shimmering altar of Xom.
  8422 | D:8      | Noticed a manticore
  8432 | D:8      | Killed a manticore
  8686 | D:8      | Reached XP level 11. HP: 38/80 MP: 11/11
  9233 | D:8      | Noticed a two-headed ogre
  9252 | D:8      | Noticed a two-headed ogre
  9271 | D:8      | Identified the +4 falchion "Dragon's Tongue" {slice,
                  | Stlth+}
  9301 | D:8      | Killed a two-headed ogre
  9301 | D:8      | Reached **** piety under Okawaru
  9301 | D:8      | Reached skill level 10 in Crossbows
  9453 | D:8      | Noticed a two-headed ogre
  9466 | D:8      | Killed a two-headed ogre
  9477 | D:8      | Received a gift from Okawaru
 10263 | D:8      | Reached ***** piety under Okawaru
 10459 | D:9      | Received a gift from Okawaru
 10500 | D:9      | You fall through a shaft!
 10500 | D:10     | Entered Level 10 of the Dungeon
 10500 | D:10     | Noticed a two-headed ogre
 10506 | D:10     | Killed a two-headed ogre
 10506 | D:10     | Received a gift from Okawaru
 10506 | D:10     | Reached skill level 10 in Stealth
 10512 | D:10     | Noticed Erica
 10523 | D:10     | Killed Erica
 10523 | D:10     | Reached skill level 10 in Fighting
 10523 | D:10     | Reached skill level 10 in Dodging
 10924 | D:10     | Received a gift from Okawaru
 11093 | D:10     | Reached XP level 12. HP: 63/87 MP: 12/12
 11104 | D:10     | Reached skill level 11 in Crossbows
 11496 | D:10     | Noticed Urug
 11502 | D:10     | Killed Urug
 11667 | D:10     | Received a gift from Okawaru
 12081 | D:11     | Noticed a two-headed ogre
 12083 | D:11     | Killed a two-headed ogre
 12083 | D:11     | Received a gift from Okawaru
 12205 | D:11     | Found a runed translucent door.
 12295 | D:11     | Reached skill level 12 in Crossbows
 12456 | D:11     | Noticed a two-headed ogre
 12464 | D:11     | Killed a two-headed ogre
 12464 | D:11     | Received a gift from Okawaru
 13083 | D:12     | Noticed a six-headed hydra
 13589 | D:12     | Found a runed translucent door.
 13589 | D:12     | Noticed buskinjo's ghost (journeyman OgFE)
 13636 | D:12     | HP: 4/90 [something (18)]
 13653 | D:12     | Gained mutation: You are dopey. (Int -2) [potion of
                  | mutation]
 13653 | D:12     | Gained mutation: You are partially covered in molten
                  | scales. (AC +2) [potion of mutation]
 13653 | D:12     | Gained mutation: One of your tentacles bears a spike.
                  | [potion of mutation]
 13655 | D:12     | HP: 3/90 [phantom (3)]
 13655 | D:12     | Mangled by a green ugly thing

Skill      XL: |  1  2  3  4  5  6  7  8  9 10 11 12 |
---------------+-------------------------------------+-----
Stealth        | 2 3 4 5 6 7 9 10 | 10.8
Fighting       | 3 4 5 6 7 9 10 11 | 11.5
Dodging        | 3 4 5 6 7 9 10 | 10.7
Crossbows      | 5 6 7 8 9 10 12 | 12.7

Action                   |  1- 3 |  4- 6 |  7- 9 | 10-12 || total
-------------------------+-------+-------+-------+-------++-------
Melee: Dagger            |       |       |   170 |       ||   170
       Tentacles         |       |       |    39 |    35 ||    74
       Constrict         |       |       |    31 |    28 ||    59
       Mace              |       |       |    36 |   146 ||   182
       Hand crossbow     |       |       |       |     4 ||     4
       Punch             |       |       |       |     1 ||     1
 Fire: Hand crossbow     |    61 |    65 |    19 |   380 ||   525
       Triple crossbow   |       |       |       |    92 ||    92
Invok: Heroism           |       |       |       |     8 ||     8
Evoke: Wand              |       |       |     8 |    33 ||    41
       Fan of gales      |       |       |       |     1 ||     1
  Use: Potion            |       |     1 |     5 |    17 ||    23
       Scroll            |       |       |    12 |    14 ||    26
 Stab: Sleeping          |       |       |     7 |     6 ||    13
       Paralysed         |       |       |       |     6 ||     6
  Eat: Chunk             |       |     3 |     9 |    15 ||    27
       Ration            |       |       |     1 |     3 ||     4
Armor: Skin              |     3 |     6 |    44 |    10 ||    63
Dodge: Dodged            |    15 |    13 |   113 |   368 ||   509
